 Dungeon Crawl Stone Soup version 0.31-a0-214-gb37851dbb3 (webtiles) character file.

Game seed: 1141961885071033912

56 qw the Shooter (level 3, -6/29 HPs)
             Began as a Minotaur Hexslinger on July 1, 2023.
             Mangled by a gnoll
             ... wielding a +0 spear
              (7 damage)
             ... on level 2 of the Dungeon.
             The game lasted 00:00:24 (1309 turns).

qw the Shooter (Minotaur Hexslinger)                Turns: 1309, Time: 00:00:24

Health: -6/29      AC:  2    Str: 12      XL:     3   Next: 69%
Magic:  3/3        EV: 12    Int:  8 (10) God:
Gold:   83         SH:  5    Dex: 11 (14) Spells: 3/4 levels left

rFire   . . .        Y - +1 sling (chaos)
rCold   . . .        (no shield)
rNeg    . . .        c - +0 robe
rPois   .            (helmet restricted)
rElec   .            (no cloak)
rCorr   .            (no gloves)
SInv    +            (no boots)
Will    .....        l - amulet of reflection
Stlth   +            e - ring of see invisible
HPRegen 0.24/turn    (no ring)
MPRegen 0.08/turn

%: reflection
@: about to teleport
A: horns 2, retaliatory headbutt
a: no special abilities


You were on level 2 of the Dungeon.
You visited 1 branch of the dungeon, and saw 2 of its levels.

You collected 83 gold pieces.


Innate Abilities, Weirdness & Mutations

You have a pair of horns on your head.
You reflexively headbutt those who attack you in melee.


   Skills:
 - Level 2.0 Fighting
 + Level 4.3 Ranged Weapons
 - Level 2.1 Dodging
 - Level 1.0 Spellcasting
 - Level 2.0 Hexes


You had 3 spell levels left.
You knew the following spells:

 Your Spells              Type           Power      Damage    Failure   Level
a - Slow                  Hex            12%        N/A       17%         1

Your spell library contained the following spells:

 Spells                   Type           Power      Damage    Failure   Level
 Inner Flame              Hex/Fire       2%         N/A       61%         3
 Portal Projectile        Hex/Tloc       4%         N/A       61%         3
 Cause Fear               Hex            1%         N/A       86%         4

Inventory:

Hand Weapons
 Y - a +1 sling of chaos (weapon)
Armour
 b - a +0 cloak
 c - a +0 robe (worn)
Jewellery
 e - a ring of see invisible (left hand)
 l - an amulet of reflection (around neck)
Potions
 j - a potion of invisibility {unknown}
 k - a potion of curing {unknown}

Dungeon Overview and Level Annotations

Branches:
Dungeon (2/15)

Altars:

Shops:
D:2 :


Message History

1298 ||| Stepping ~*~*~tactically~*~*~ (outnumbered).
The gnoll moves out of view.
The gnoll shouts!
1300 ||| Stepping ~*~*~tactically~*~*~ (outnumbered).
You shoot a sling bullet.
The sling bullet hits the gnoll but does no damage.
You shoot a sling bullet.
The sling bullet barely misses the gnoll.
The gnoll hits you from afar with a +0 spear.
You shoot a sling bullet.
The sling bullet barely misses the gnoll.
The gnoll hits you from afar with a +0 spear.
You shoot a sling bullet. The sling bullet hits the gnoll.
The gnoll seems to grow stronger.
The gnoll is moderately wounded.
The gnoll hits you from afar with a +0 spear!
The gnoll misses you.
You shoot a sling bullet. The gnoll shouts!
The sling bullet hits the gnoll!
The sling bullet burns the gnoll.
The gnoll is severely wounded.
The gnoll completely misses you. You block the gnoll's attack.
You shoot a sling bullet. The sling bullet hits the gnoll.
The gnoll is poisoned.
The gnoll is almost dead.
You kill the gnoll!
The gnoll barely misses you.
You feel your strength returning.
You shoot a sling bullet.
The sling bullet barely misses the gnoll.
The gnoll barely misses you. The gnoll closely misses you.
You shoot a sling bullet.
The sling bullet barely misses the gnoll.
The gnoll hits you from afar with a +0 spear!
The gnoll hits you from afar with a +0 spear.
1309 ||| READING scroll of teleportation.
As you read the scroll of teleportation, it crumbles to dust.
You feel strangely unstable.
The gnoll hits you from afar with a +0 spear!
You die...

#.#.#.# ####### #.#
#.# #.:...# #.# #.#
#.....# #.# #.#
#.....# #.# #.#
#.....# #.# #.#
#..$..# #.# #.#
#%....#### #.#
#.######..g....!.
#.#
#.#.....@.g......
#.#
#......#####.....
#.# ###.##.# ....
###.# #.##.# g..
#...# #.##.# ..
#.### #.##.# # #.#
#.##.# ### #.#
#.##.. .. #.#
#.###.##########.##


You could see 2 gnolls.

Vanquished Creatures
  A gnoll (D:2)
  An adder (D:2)
  2 dart slugs (D:1)
  3 endoplasms
  3 goblins (D:1)
  2 hobgoblins (D:1)
  4 jackals (D:1)
  3 ball pythons
  3 bats
  4 frilled lizards
  4 kobolds
  3 rats
33 creatures vanquished.

Notes
Turn   | Place    | Note
-------+----------+-------------------------------------------
     0 | D:1      | qw the Minotaur Hexslinger began the quest for the Orb.
     0 | D:1      | Reached XP level 1. HP: 16/16 MP: 1/1
     0 | D:1      | 0 ||| qw: Version: 0.3-a-32-g5962c71
     0 | D:1      | 0 ||| qw: Game counter: 7352
     0 | D:1      | 0 ||| qw: Melee chars always use a shield: true
     0 | D:1      | 0 ||| qw: God list: Okawaru
     0 | D:1      | 0 ||| qw: Allow faded altars: false
     0 | D:1      | 0 ||| qw: Do Orc after clearing Dungeon:15 true
     0 | D:1      | 0 ||| qw: Do second Lair branch before Depths: true
     0 | D:1      | 0 ||| qw: Lair rune preference: random
     0 | D:1      | 0 ||| qw: Goals: Normal
     0 | D:1      | 0 ||| PLANNING D:1-11
   181 | D:1      | Reached skill level 3 in Ranged Weapons
   181 | D:1      | Reached XP level 2. HP: 23/23 MP: 2/2
  1007 | D:1      | 1007 ||| UPGRADING to amulet of reflection.
  1012 | D:1      | 1012 ||| UPGRADING to ring of see invisible.
  1013 | D:1      | 1013 ||| READING scroll labelled XIRHIPP YSKU.
  1014 | D:1      | 1014 ||| READING scroll labelled TEJUGG UV YQU.
  1015 | D:1      | 1015 ||| READING scroll labelled UDECHU OHUH.
  1018 | D:1      | 1018 ||| READING scroll labelled WOSCHAERUHU.
  1019 | D:1      | 1019 ||| READING scroll labelled SEUCUO LEILU.
  1020 | D:1      | 1020 ||| READING 3 scrolls labelled JOSOOCHUOGG.
  1021 | D:1      | 1021 ||| DRINKING 2 amethyst potions.
  1022 | D:1      | 1022 ||| DROPPING scroll of poison.
  1023 | D:1      | 1023 ||| DROPPING potion of degeneration.
  1024 | D:1      | 1024 ||| DROPPING 2 scrolls of amnesia.
  1062 | D:2      | Found Cuhoupp's Vocational Training.
  1074 | D:2      | Reached XP level 3. HP: 29/29 MP: 3/3
  1224 | D:2      | Reached skill level 4 in Ranged Weapons
  1298 | D:2      | 1298 ||| Stepping ~*~*~tactically~*~*~ (outnumbered).
  1300 | D:2      | 1300 ||| Stepping ~*~*~tactically~*~*~ (outnumbered).
  1308 | D:2      | HP: 5/29 [gnoll/+0 spear (7)]
  1308 | D:2      | HP: 1/29 [gnoll/+0 spear (4)]
  1309 | D:2      | 1309 ||| READING scroll of teleportation.
  1309 | D:2      | Mangled by a gnoll

Levels and vault maps discovered:
D:1:      nicolae_arrival_somewhat_less_tricky_arrival, layout_basic,
          minmay_misc_feat_five
D:2:      layout_basic, nicolae_shop_vocational

Skill      XL: |  1  2  3 |
---------------+----------+-----
Ranged Weapons | 3 4 |  4.3
Fighting       | 2 |  2.0
Dodging        | |  2.1
Spellcasting   | |  1.0
Hexes          | |  2.0

Action                     || total
---------------------------++-------
   Fire: Sling             ||    77
    Use: Scroll            ||     7
         Potion            ||     1
 Armour: Robe              ||     4
  Dodge: Dodged            ||    13
  Block: Other             ||     1

Table legend:
 A = Non-vault XP
 B = Vault XP
 C = Vault XP percentage of total XP
 D = Non-vault monster count
 E = Vault monster count
 F = Vault count percentage of total count
                 A         B        C        D         E       F
            +---------+---------+-------+---------+---------+-------
      Total |      80 |       0 |   0.0 |      33 |       0 |   0.0
            +---------+---------+-------+---------+---------+-------
        D:1 |      39 |       0 |   0.0 |      22 |       0 |   0.0
        D:2 |      41 |       0 |   0.0 |      11 |       0 |   0.0
            +---------+---------+-------+---------+---------+-------
